 Dungeon Crawl Stone Soup version 0.23-a0-644-gb60d84b (webtiles) character file.

5569 Amnesiac the Carver (level 10, -2/49 HPs)
             Began as a Spriggan Berserker on Jan 1, 2019.
             Was a High Priest of Trog.
             Slain by a wolf (8 damage)
             ... on level 2 of the Lair of Beasts.
             The game lasted 00:19:08 (10161 turns).

Amnesiac the Carver (Spriggan Berserker)           Turns: 10161, Time: 00:19:09

Health: -2/49      AC:  6    Str: 16    XL:     10   Next: 44%
Magic:  17/17      EV: 23    Int:  9    God:    Trog [*****.]
Gold:   294        SH:  8    Dex: 16    Spells: 9/9 levels left

rFire    + + .     SeeInvis +   a - +0 long sword
rCold    + + +     Gourm    .   E - +1 buckler {rC+}
rNeg     . . .     Faith    .   n - +2 robe {rC+ rF+}
rPois    .         Spirit   .   i - +2 hat {MR+}
rElec    .         Reflect  .   L - scarf {rC+ rF+}
rCorr    .         Harm     .   (gloves unavailable)
MR       +++..                  (boots unavailable)
Stlth    +.........             N - amulet of the acrobat
HPRegen  0.16/turn              x - ring of protection from cold
MPRegen  0.15/turn              A - ring of protection from magic

@: very quick
A: very small, unfitting armour, see invisible, herbivore, speed 3, slow
metabolism 2
a: Berserk, Trog's Hand, Brothers in Arms, Renounce Religion


You were on level 2 of the Lair of Beasts.
You worshipped Trog.
Trog was extremely pleased with you.
You were not hungry.

You visited 2 branches of the dungeon, and saw 12 of its levels.

You collected 584 gold pieces.
You spent 290 gold pieces at shops.

Inventory:

Hand Weapons
 a - a +0 long sword (weapon)
 b - a +0 blowgun
Missiles
 u - 3 needles of frenzy
 y - 5 exploding tomahawks (quivered)
 D - 7 poisoned needles
 G - 3 throwing nets
 H - 6 curare-tipped needles
Armour
 i - a +2 hat of magic resistance (worn)
 n - a +2 robe of resistance (worn)
 E - a +1 buckler of cold resistance (worn)
 L - a scarf of resistance (worn)
Jewellery
 x - a ring of protection from cold (left hand)
 A - a ring of protection from magic (right hand)
 N - an amulet of the acrobat (around neck)
Wands
 o - a wand of random effects (20)
 v - a wand of enslavement (9)
 w - a wand of disintegration (15)
 J - a wand of acid (1)
 M - a wand of digging (3)
Scrolls
 d - 2 scrolls of teleportation {!r}
 e - 3 scrolls of enchant weapon {!r}
 g - 7 scrolls of enchant armour {!r}
 j - a scroll of blinking {!r, unknown}
 l - 7 scrolls of remove curse {!r}
 q - a scroll of fear {!r, unknown}
 s - a scroll of immolation {!r, unknown}
 t - a scroll of magic mapping {!r, unknown}
Potions
 c - a potion of cancellation {!q, unknown}
 f - 2 potions of resistance {!q, unknown}
 h - 3 potions of flight {!q}
 k - a potion of might {!q}
 m - a potion of berserk rage {!q}
 p - 2 potions of brilliance {!q}
 r - 4 potions of agility {!q}
 B - 4 potions of curing {!q}
 C - 3 potions of haste {!q, unknown}
 F - a potion of invisibility {!q}
 I - 2 potions of mutation {!q}
 K - a potion of ambrosia {!q, unknown}
Miscellaneous
 O - 2 sacks of spiders


   Skills:
 - Level 3.0 Fighting
 * Level 10.9 Long Blades
 - Level 8.0 Dodging
 + Level 3.2 Shields
 - Level 8.0 Evocations


You had 9 spell levels left.
You didn't know any spells.
Your spell library contained the following spells:

 Spells                   Type           Power        Failure   Level  Hunger
 Magic Dart               Conj           #...         47%         1    ##.....
 Shock                    Conj/Air       #...         47%         1    ##.....
 Sting                    Conj/Pois      #...         47%         1    ##.....
 Blink                    Tloc           N/A          63%         2    ###....
 Call Imp                 Summ           #.......     63%         2    ###....
 Poisonous Vapours        Pois/Air       #.....       63%         2    ###....
 Slow                     Hex            #.......     63%         2    ###....
 Swiftness                Chrm/Air       #.......     63%         2    ###....
 Conjure Flame            Conj/Fire      #.......     85%         3    ####...
 Dazzling Spray           Conj/Hex       #.....       85%         3    ####...
 Mephitic Cloud           Conj/Pois/Air  #.......     85%         3    ####...
 Static Discharge         Conj/Air       #.......     85%         3    ####...
 Airstrike                Air            #.........   99%         4    #####..
 Force Lance              Conj/Tloc      #.......     99%         4    #####..
 Olgreb's Toxic Radiance  Pois           #.......     99%         4    #####..
 Alistair's Intoxication  Tmut/Pois      #.......     100%        5    ######.
 Irradiate                Conj/Tmut      #.........   100%        5    ######.
 Lightning Bolt           Conj/Air       #.........   100%        5    ######.
 Venom Bolt               Conj/Pois      #.........   100%        5    ######.


Dungeon Overview and Level Annotations

Branches:
Dungeon (10/15)            Temple (0/1) D:7            Lair (2/6) D:9
 Spider (0/4) Lair:2
  Swamp: Lair:2-4    Shoals: Lair:2-4       Orc: D:9-12

Altars:
Ashenzari
Cheibriados
Dithmenos
Elyvilon
Hepliaklqana
Makhleb
Nemelex Xobeh
Qazlal
Sif Muna
Vehumet
Xom
Yredelemnul
Zin
The Shining One

Shops:
D:4 *

Annotations:
Lair:1 Nergalle


Innate Abilities, Weirdness & Mutations

You are very small and have problems with some larger weapons.
You are too small for most types of armour.
You have supernaturally acute eyesight. (SInv)
You are a herbivore.
You cover ground extremely quickly.
You need to consume almost no food.


Message History

The wolf barely misses your two-headed ogre.
The wolf misses you. x2; The wolf bites your two-headed ogre.
The wolf completely misses you.
You miss the wolf.
The wolf is lightly wounded.
The wolf barely misses you. The wolf bites your two-headed ogre.
The wolf closely misses you.
You riposte.
You hit the wolf but do no damage.
The wolf is lightly wounded.
The wolf dies!
Trog accepts your kill. You block the wolf's attack.
You hit the wolf.
The wolf is moderately wounded.
You block the wolf's attack. x2; The yak gores your two-headed ogre!
You block the wolf's attack.
You miss the wolf.
The wolf is moderately wounded.
You block the wolf's attack. x2; The yak gores your two-headed ogre!
The wolf closely misses you.
You riposte.
You hit the wolf.
The wolf is lightly wounded.
You miss the wolf.
The wolf is moderately wounded.
You block the wolf's attack.
The yak dies!
Trog accepts your kill. The wolf bites you!
* * * LOW HITPOINT WARNING * * *
You block the wolf's attack.
You hit the wolf but do no damage.
The wolf is moderately wounded.
The wolf closely misses you. The wolf completely misses you.
The wolf misses you.
You hit the wolf.
The wolf is moderately wounded.
The wolf bites you.
* * * LOW HITPOINT WARNING * * *
You block the wolf's attack. The wolf completely misses you.
You slash the wolf!
The wolf is severely wounded.
You block the wolf's attack. x2
The wolf dies!
Trog accepts your kill. The wolf closely misses you.
You hit the yak.
The yak is lightly wounded.
You block the wolf's attack. The yak misses you.
You hit the wolf.
The wolf is almost dead.
You block the wolf's attack. The wolf misses you.
The yak dies!
Trog accepts your kill.
You barely miss the wolf.
The wolf is almost dead.
You block the wolf's attack. The wolf bites you.
* * * LOW HITPOINT WARNING * * *
You barely miss the wolf.
The wolf is almost dead.
The wolf completely misses you.
You riposte.
You closely miss the wolf.
The wolf is almost dead.
You miss the wolf.
The wolf is almost dead.
The wolf bites you!
You die...

...^^^^...## #....
##
.^^...^$.$###.....
.#
..^......YY#......
.###
..................
...#
#.##P.####.#......
##.# ## ##.
#.#.#.... ##.#
#..####H#.# ##.
### #..#.#hO.#
#...@.†#.#
##########


You could see a hippogriff, a wolf and a friendly two-headed ogre (berserk).

Vanquished Creatures
  An elephant (Lair:1)
  A spiny frog (Lair:1)
  4 hippogriffs
  Sigmund (D:2)
  A wyvern (D:9)
  A porcupine (Lair:2)
  A water moccasin (Lair:1)
  A black bear (D:9)
  2 ice beasts
  2 sky beasts (D:5)
  An orc warrior (D:7)
  3 ogres
  4 centaurs
  A crocodile (Lair:1)
  A big kobold (D:7)
  8 bullfrogs
  A gnoll sergeant (D:9)
  A wyvern zombie (D:9)
  4 scorpions
  A water moccasin skeleton (D:6)
  A crimson imp (D:8)
  A bullfrog zombie (D:5)
  6 orc priests
  A gnoll shaman (D:7)
  3 hounds
  A centaur skeleton (D:6)
  A bullfrog skeleton (D:5)
  4 iguanas
  6 orc wizards
  5 worker ants
  3 hound skeletons
  2 worker ant zombies
  10 gnolls
  A howler monkey skeleton (D:7)
  7 adders
  3 shadow imps
  A white imp (D:8)
  2 oozes
  2 adder zombies
  An adder skeleton (D:2)
  3 worms
  3 dart slugs
  5 leopard geckos
  36 orcs
  21 bats
  9 giant cockroaches
  9 goblins
  8 hobgoblins
  8 jackals
  17 kobolds
  4 quokkas
  3 ball pythons
  7 frilled lizards
  2 goblin skeletons (D:8)
  A goblin zombie (D:8)
  A jackal skeleton (D:6)
  A kobold skeleton (D:8)
  2 kobold zombies (D:8)
  An orc skeleton (D:8)
  An orc zombie (D:8)
  A quokka skeleton (D:5)
  4 rats
248 creatures vanquished.

Vanquished Creatures (collateral kills)
  2 yaks (Lair:2)
  4 wolves (Lair:2)
  An orc wizard (D:7)
  An orc (D:7)
8 creatures vanquished.

Vanquished Creatures (others)
  A fungus (Lair:2)
  7 plants
8 creatures vanquished.

Grand Total: 264 creatures vanquished

Notes
Turn   | Place    | Note
-------+----------+-------------------------------------------
     0 | D:1      | Amnesiac the Spriggan Berserker began the quest for the
                  | Orb.
     0 | D:1      | Reached XP level 1. HP: 11/11 MP: 2/2
   141 | D:1      | Reached XP level 2. HP: 11/16 MP: 3/3
   351 | D:1      | Reached skill level 3 in Long Blades
   435 | D:1      | Reached ** piety under Trog
   436 | D:1      | Reached XP level 3. HP: 19/19 MP: 4/4
   633 | D:2      | Reached skill level 5 in Dodging
   732 | D:2      | Found a shimmering altar of Xom.
  1155 | D:2      | Reached XP level 4. HP: 13/23 MP: 5/5
  1179 | D:2      | Noticed Sigmund
  1540 | D:2      | Killed Sigmund
  1540 | D:2      | Reached skill level 4 in Long Blades
  1540 | D:2      | Reached XP level 5. HP: 28/28 MP: 6/6
  1669 | D:2      | Reached *** piety under Trog
  1723 | D:2      | Found a hazy altar of Hepliaklqana.
  1973 | D:3      | Reached XP level 6. HP: 32/32 MP: 7/7
  2018 | D:3      | Found a sparkling altar of Nemelex Xobeh.
  2018 | D:3      | Found a white marble altar of Elyvilon.
  2019 | D:3      | Found a glowing silver altar of Zin.
  2655 | D:3      | Reached skill level 1 in Evocations
  3064 | D:4      | Reached skill level 5 in Long Blades
  3175 | D:4      | Found Novemm's General Store.
  3192 | D:4      | Bought a potion of heal wounds for 50 gold pieces
  3192 | D:4      | Bought a wand of enslavement (11) for 130 gold pieces
  3542 | D:4      | Found a snail-covered altar of Cheibriados.
  3657 | D:4      | Reached XP level 7. HP: 26/36 MP: 8/10
  3898 | D:5      | Entered Level 5 of the Dungeon
  4036 | D:5      | Reached **** piety under Trog
  4187 | D:5      | Found a radiant altar of Vehumet.
  4189 | D:5      | Found a deep blue altar of Sif Muna.
  4251 | D:5      | Reached skill level 6 in Long Blades
  4300 | D:5      | You fall through a shaft for 2 floors!
  4602 | D:5      | Reached XP level 8. HP: 17/40 MP: 12/12
  5158 | D:5      | Reached skill level 5 in Evocations
  5737 | D:5      | Reached skill level 7 in Long Blades
  5768 | D:5      | Found a stormy altar of Qazlal.
  5768 | D:5      | Found a shattered altar of Ashenzari.
  5889 | D:6      | Identified the Catalogue of Excruciating Poisoning
  6547 | D:4      | Bought a potion of invisibility for 80 gold pieces
  6547 | D:4      | Bought a potion of curing for 30 gold pieces
  6608 | D:7      | Noticed a hippogriff
  6899 | D:7      | Killed a hippogriff
  6963 | D:7      | Found a staircase to the Ecumenical Temple.
  6994 | D:7      | Reached skill level 8 in Long Blades
  7000 | D:7      | Reached XP level 9. HP: 36/44 MP: 15/15
  7384 | D:7      | Found a basalt altar of Yredelemnul.
  7411 | D:7      | Reached ***** piety under Trog
  7725 | D:8      | Found a shadowy altar of Dithmenos.
  7793 | D:8      | Found a glowing golden altar of the Shining One.
  7910 | D:8      | Reached skill level 9 in Long Blades
  7944 | D:9      | Noticed a tengu conjurer
  7944 | D:9      | Noticed a tengu conjurer
  7962 | D:9      | HP: 2/44 [hound skeleton (2)]
  7969 | D:10     | Entered Level 10 of the Dungeon
  8669 | D:9      | Reached skill level 1 in Shields
  8703 | D:10     | Noticed a gargoyle
  8796 | D:9      | Identified a scroll of acquirement {!r}
  8916 | D:9      | Reached skill level 10 in Long Blades
  8921 | D:9      | Noticed a komodo dragon
  8932 | D:9      | Found a staircase to the Lair.
  8941 | Lair:1   | Entered Level 1 of the Lair of Beasts
  9308 | Lair:1   | Noticed an elephant
  9319 | Lair:1   | Noticed a spiny frog
  9335 | Lair:1   | Killed an elephant
  9335 | Lair:1   | Reached XP level 10. HP: 39/49 MP: 17/17
  9343 | Lair:1   | Killed a spiny frog
  9780 | Lair:1   | Found a burning altar of Makhleb.
  9781 | Lair:1   | Found the +0 sword of Power
  9827 | Lair:1   | Noticed Nergalle
 10114 | Lair:2   | Found a hole to the Spider Nest.
 10161 | Lair:2   | Slain by a wolf

Vault maps used:
D:1:      enne_arrival_octagon_isle
D:2:      overflow_temple_1_default, overflow_temple_1_default, first_ration,
          uniq_sigmund
D:3:      gammafunk_temple_overflow_claw
D:4:      kennysheep_slug_shrine, serial_shops, kennysheep_mini
D:5:      nicolae_overflow_hidden_temple, grunt_ministairs_13
D:7:      kennysheep_little_box, temple_doors_e, st_stairs_11
D:8:      kennysheep_mini_moat, nicolae_tso_besieged_by_evil, uniq_gastronok,
          uniq_harold, uniq_prince_ribbit1
D:9:      david_lair_shrubbed
D:10:     trove_entry_hex_spiral
Lair:1:   wad_woods_stonehenge, roderic_batcave, minmay_holes, uniq_nergalle
Lair:2:   spider_nest_entry_web_field, gauntlet_entry_generic

Skill      XL: |  1  2  3  4  5  6  7  8  9 10 |
---------------+-------------------------------+-----
Long Blades    | 3 4 5 6 8 10 | 10.9
Dodging        | 5 6 7 8 |  8.0
Fighting       | 3 |  3.0
Evocations     | 2 4 6 8 |  8.0
Shields        | 2 3 |  3.2

Action                   |  1- 3 |  4- 6 |  7- 9 | 10-12 || total
-------------------------+-------+-------+-------+-------++-------
Melee: Falchion          |   152 |   228 |   185 |       ||   565
       Long sword        |       |       |   410 |   110 ||   520
 Fire: Blowgun           |       |       |     4 |       ||     4
Invok: Berserk           |       |     5 |     9 |       ||    14
       Brothers in Arms  |       |       |       |     1 ||     1
Evoke: Wand              |       |       |    14 |     1 ||    15
  Use: Scroll            |       |     9 |     6 |     1 ||    16
       Potion            |       |       |     4 |     1 ||     5
 Stab: Sleeping          |     3 |     2 |     2 |       ||     7
       Distracted        |     1 |       |       |       ||     1
       Confused          |       |       |     1 |       ||     1
  Eat: Ration            |     2 |     4 |     5 |     1 ||    12
Armor: Animal skin       |    25 |     1 |       |       ||    26
       Robe              |       |    19 |    71 |    20 ||   110
       Skin              |       |       |    33 |       ||    33
Dodge: Dodged            |   175 |   224 |   641 |   121 ||  1161
Block: Buckler           |       |       |    14 |    62 ||    76
       Rpst.: Falchion   |    54 |    57 |    55 |       ||   166
       Long sword        |       |       |   106 |    21 ||   127

Table legend:
 A = Non-vault XP
 B = Vault XP
 C = Vault XP percentage of total XP
 D = Non-vault monster count
 E = Vault monster count
 F = Vault count percentage of total count
                 A         B        C        D         E       F
            +---------+---------+-------+---------+---------+-------
      Total |    6049 |    1907 |  24.0 |     224 |      32 |  12.5
            +---------+---------+-------+---------+---------+-------
        D:1 |      56 |       0 |   0.0 |      29 |       0 |   0.0
        D:2 |      85 |     220 |  72.1 |      35 |       1 |   2.8
        D:3 |     158 |       0 |   0.0 |      28 |       0 |   0.0
        D:4 |     380 |       4 |   1.0 |      14 |       1 |   6.7
        D:5 |     869 |     166 |  16.0 |      25 |       5 |  16.7
        D:6 |     380 |     116 |  23.4 |      15 |       1 |   6.2
        D:7 |     827 |     258 |  23.8 |      31 |       3 |   8.8
        D:8 |     385 |      18 |   4.5 |      11 |       9 |  45.0
        D:9 |    1252 |       0 |   0.0 |      19 |       0 |   0.0
       D:10 |      81 |       0 |   0.0 |       4 |       0 |   0.0
     Lair:1 |     592 |    1125 |  65.5 |       4 |      12 |  75.0
     Lair:2 |     984 |       0 |   0.0 |       9 |       0 |   0.0
            +---------+---------+-------+---------+---------+-------
